 Dungeon Crawl Stone Soup version 0.21.0-25-ge575cb9 (webtiles) character file.

356431 Inchmeat the Warrior (level 22, -2/152 HPs)
             Began as a Gargoyle Monk on Jan 24, 2018.
             Was the Champion of the Shining One.
             Killed by the air
             ... invoked by a titan
              (13 damage)
             ... on level 5 of the Vaults.
             The game lasted 02:19:18 (63493 turns).

Inchmeat the Warrior (Gargoyle Monk)               Turns: 63493, Time: 02:19:18

Health: -2/152     AC: 55    Str: 27    XL:     22   Next: 34%
Magic:  0/39       EV:  8    Int: 14    God:    the Shining One [******]
Gold:   3081       SH:  0    Dex: 12    Spells: 24/27 levels left

rFire    + . .     SeeInvis .   M - +7 great mace (freeze)
rCold    + + .     Gourm    .   (shield currently unavailable)
rNeg     + + +     Faith    .   C - +4 gold dragon scales
rPois    ∞         Spirit   +   n - +0 helmet
rElec    +         Reflect  .   X - +2 cloak {rC+}
rCorr    +         Harm     .   W - +0 pair of gloves
MR       .....                  i - +0 pair of boots
Stlth    ..........             E - amulet of guardian spirit
HPRegen  0.35/turn              r - +5 ring of strength
MPRegen  0.26/turn              N - ring of resist corrosion

@: vulnerable, marked, flying, very slightly contaminated, glowing
A: big wings, iridescent scales 1, high mp 2, negative energy resistance 1,
electricity resistance, unbreathing, petrification resistance, rot immunity, AC
+16
}: 2/15 runes: decaying, gossamer
a: Stop Flying, Divine Shield, Cleansing Flame, Summon Divine Warrior, Brand
Weapon With Holy Wrath, Renounce Religion


You were on level 5 of the Vaults.
You worshipped the Shining One.
The Shining One was exalted by your worship.
You were not hungry.

You visited 7 branches of the dungeon, and saw 37 of its levels.
You visited 1 bazaar.
You also visited: Labyrinth, Ossuary and Ice Cave.

You collected 4654 gold pieces.
You spent 1573 gold pieces at shops.

Inventory:

Hand Weapons
 g - the +9 arbalest of Chance {flame, Int+3}
   (You bought it in a shop on level 9 of the Dungeon)

   It causes projectiles fired from it to burn those they strike, causing extra
   injury to most foes and up to half again as much damage against particularly
   susceptible opponents.
   It affects your intelligence (+3).
 M - a +7 great mace of freezing (weapon)
Missiles
 x - a throwing net (quivered)
 J - 760 bolts
Armour
 i - a +0 pair of boots (worn)
 n - a +0 helmet (worn)
 C - +4 gold dragon scales (worn)
 W - a +0 pair of gloves (worn)
 X - a +2 cloak of cold resistance (worn)
Jewellery
 r - a +5 ring of strength (left hand)
 w - an uncursed ring of protection from fire
 E - an amulet of guardian spirit (around neck)
 N - a ring of resist corrosion (right hand)
Wands
 b - a wand of flame (74)
 e - a wand of disintegration (31)
 o - a wand of polymorph (21)
 y - a wand of acid (23)
 A - a wand of digging (45)
Scrolls
 a - 10 scrolls of amnesia
 d - a scroll of enchant armour
 f - a scroll of vulnerability
 k - 8 scrolls of fog
 l - 19 scrolls of identify {@r1}
 p - a scroll of silence
 q - 13 scrolls of remove curse {@r2}
 s - 3 scrolls of summoning
 B - 5 scrolls of fear
 D - 2 scrolls of holy word
 F - 8 scrolls of teleportation
 K - 3 scrolls of magic mapping
 L - a scroll of blinking
Potions
 h - 4 potions of brilliance
 j - 4 potions of haste
 m - 7 potions of mutation {!q}
 u - a potion of agility
 G - 4 potions of curing {@q1}
 H - a potion of cancellation
 O - 3 potions of resistance
 Q - 4 potions of ambrosia
 S - 4 potions of might
 Y - 4 potions of lignification
Comestibles
 c - 27 rations
 t - a chunk of flesh


   Skills:
 - Level 20.0 Fighting
 - Level 19.8(20.0) Maces & Flails
   Level 4.7(14.1) Staves
 * Level 13.6 Crossbows
 - Level 20.0 Armour
 - Level 2.4 Dodging
 - Level 2.1 Stealth
 - Level 3.0 Spellcasting
 - Level 14.9 Invocations


You had 24 spell levels left.
You knew the following spells:

 Your Spells              Type           Power        Failure   Level  Hunger
a - Summon Small Mammal   Summ           #...         95%         1    #......
b - Passwall              Tmut/Erth      #.........   99%         2    ##.....


Dungeon Overview and Level Annotations

Branches:
Dungeon (15/15)            Temple (1/1) D:4            Lair (6/6) D:8
  Swamp (4/4) Lair:4       Spider (4/4) Lair:2        Slime (0/5) Lair:5
    Orc (2/2) D:10            Elf (0/3) Orc:2        Vaults (5/5) D:13
  Crypt (0/3) Vaults:2     Depths (0/5) D:15

Altars:
Ashenzari
Cheibriados
Dithmenos
Elyvilon
Fedhas
Gozag
Hepliaklqana
Kikubaaqudgha
Makhleb
Nemelex Xobeh
Okawaru
Qazlal
Ru
Sif Muna
Trog
Uskayaw
Vehumet
Wu Jian
Xom
Yredelemnul
Zin
The Shining One
Beogh
Lugonu

Shops:
D:5 %   D:9 (   D:11 :}   D:15 :   Orc:2 *:(:


Innate Abilities, Weirdness & Mutations

You are resistant to torment.
Your stone body is resilient. (AC +16)
You are immune to poison.
Your large and strong wings let you fly indefinitely.
You resist negative energy. (rN+)
You are resistant to electric shocks. (rElec)
You can survive without breathing.
You are immune to petrification.
You are immune to rotting.
You are partially covered in iridescent scales. (AC +2)
You have a considerably increased reservoir of magic. (+20% MP)


Message History

Ye be confused.
Tha shadow dragon breathas negative energy at ye.
Tha bolt o' negative energy misses ye.
Yer too confused!
Unknown command.
Okay, than.
Yer too confused!
Unknown command.
Okay, than.
Yer too confused!
Yer too confused!
Ye feel better.
Tha t'ngu rea'er mumbles some strange words.
Unknown command.
Ye dinnae haf enough magic at tha momn't.
Unknown command.
Tha titan seems less brilliant.
Tha titan waves its arms in wide circles.
Tha air twists around an' violently strikes ye in flight!
Ye die...

# #. #.. #...
#....###################
#.............Q........e
#......@.D...CG.........
#..........(..X..Xp$....
#..............p.p9.....
#....###################
#.... #..# #.. #.


You could see a shadow dragon, a tentacled monstrosity, a titan, a tengu reaver
and a great orb of eyes.

Vanquished Creatures
  the Lernaean hydra (Swamp:4)
  Saint Roka (Vaults:3)
  Nikola (Vaults:2)
  Arachne (Spider:2)
  A golden dragon (Vaults:4)
  Jorgrun (Vaults:3)
  The ghost of terra52 the Victor of a Thousand Battles, an adept GnSk of Okawaru (Vaults:2)
  3 titans
  2 liches
  Asterion (Spider:3)
  2 thorn hunters (Swamp:4)
  Agnes (Spider:3)
  A shadow dragon (Vaults:4)
  3 tengu reavers (Vaults:4)
  A storm dragon (Vaults:4)
  3 fire giants
  The ghost of fearitself the Thaumaturge, an adept GnAE of Yredelemnul (Swamp:4)
  3 frost giants
  5 ghost moths (Spider:4)
  Louise (D:15)
  Aizul (Vaults:1)
  2 orc warlords
  14 vault wardens
  The ghost of RapturedWeasel the Marksfrog, a journeyman BaAM of Hepliaklqana (Swamp:4)
  6 emperor scorpions
  The ghost of MrWiggles77 the Bludgeoner, a journeyman GrFi of Makhleb (D:13)
  9 stone giants
  The ghost of estick the Carver, a journeyman FoFi of Okawaru (Lair:5)
  5 very ugly things
  An entropy weaver (shapeshifter) (Vaults:1)
  9 ironheart preservers
  A vampire knight (Vaults:2)
  An entropy weaver (Vaults:4)
  The ghost of Nornya the Severer, a journeyman MiFi of Makhleb (Lair:5)
  Nessos (D:13)
  Azrael (Spider:2)
  3 spark wasps (Spider:4)
  The ghost of olmar the Earth Mage, a journeyman GrEE of Gozag (D:12)
  6 ettins
  A minotaur (Lab)
  The ghost of estick the Carver, a journeyman FoFi of Okawaru (Orc:2)
  A deep elf death mage (Vaults:3)
  Snorg (Orc:2)
  3 fire dragons
  2 rakshasas (Vaults:3)
  3 great orbs of eyes
  5 yaktaur captains
  3 ogre magi
  Harold (Orc:1)
  30 hydras
  5 ice dragons
  49 vault guards
  5 ghost crabs (Swamp:3)
  4 catoblepae
  A death knight (D:12)
  11 centaur warriors
  6 alligators
  5 two-headed ogres
  2 tengu warriors
  A deep troll shaman (Vaults:1)
  A deep troll earth mage (Vaults:1)
  9 death yaks
  Urug (D:13)
  5 deep elf knights
  8 skeletal warriors
  2 shadow wraiths
  A fire crab (shapeshifter) (Vaults:4)
  5 deep trolls
  An unseen horror (shapeshifter) (Vaults:3)
  2 death drakes (shapeshifter)
  An unseen horror (D:14)
  A swamp dragon (shapeshifter) (Vaults:2)
  A glowing orange brain (Vaults:1)
  A flayed ghost (Vaults:3)
  6 deep elf archers
  7 spriggan druids
  A shambling mangrove (Swamp:1)
  A necromancer (Vaults:4)
  5 wizards
  12 deep elf magi
  4 phantasmal warriors
  14 swamp dragons
  22 ironbrand convokers
  18 orc knights
  16 ugly things
  24 wolf spiders
  2 oklob plants (Lair:4)
  8 harpies
  2 orc sorcerers
  14 orb spiders
  3 cyclopes
  A faun (shapeshifter) (Vaults:4)
  4 moths of wrath
  An eye of devastation (Lair:5)
  16 elephants
  3 manticores
  8 vault sentinels
  4 black mambas
  An ice statue (IceCv)
  4 apocalypse crabs (Swamp:3)
  2 torpor snails
  2 gargoyles (D:12)
  15 spiny frogs
  5 komodo dragons
  5 rime drakes (Lair:6)
  6 freezing wraiths
  An elf skeleton (Vaults:5)
  4 kobold demonologists
  22 yaktaurs
  2 ice devils (Lair:4)
  11 demonic crawlers
  8 trolls
  18 polar bears
  A meliai (shapeshifter) (Vaults:4)
  36 jumping spiders
  5 tyrant leeches
  A merfolk (shapeshifter) (D:14)
  15 hornets
  14 bog bodies
  7 blink frogs
  25 slime creatures
  11 hippogriffs
  2 dream sheep (Lair:5)
  A centaur simulacrum (D:15)
  6 spriggans
  A shadow (Swamp:2)
  54 redbacks
  18 tarantellas
  5 wraiths
  85 yaks
  A yak (shapeshifter) (Vaults:4)
  2 wyverns
  3 fire elementals (Spider:2)
  6 steam dragons (Lair:6)
  A steam dragon (shapeshifter) (Vaults:3)
  13 basilisks
  2 hungry ghosts (D:11)
  19 vampire mosquitoes
  A soldier ant (D:11)
  18 swamp worms
  3 acid dragons
  10 wargs
  20 water moccasins
  12 insubstantial wisps
  9 porcupines
  2 hell hounds (Spider:2)
  A floating eye (Vaults:4)
  54 orc warriors
  17 swamp drakes
  A black bear (D:11)
  2 ice beasts
  2 phantoms
  2 sky beasts
  A hornet zombie (D:10)
  An eye of draining (shapeshifter) (Vaults:4)
  12 ogres
  2 boggarts (Vaults:2)
  An eye of draining (Lair:5)
  29 centaurs
  14 wolves
  8 crocodiles
  17 bullfrogs
  6 big kobolds
  2 glowing shapeshifter simulacra
  A wyvern skeleton (D:10)
  7 water moccasin zombies (Ossuary)
  9 scorpions
  9 killer bees
  A troll skeleton (Lab)
  2 howler monkeys
  11 wights
  An electric eel (Spider:4)
  2 spriggan skeletons (Lab)
  3 jellies
  4 crimson imps
  4 centaur zombies
  6 hounds
  3 bullfrog skeletons
  23 orc priests
  23 orc wizards
  5 centaur skeletons
  2 iguanas
  5 worker ants
  3 big kobold zombies (Ossuary)
  A hound zombie (D:5)
  3 hound skeletons
  2 mummies (Ossuary)
  A howler monkey zombie (D:5)
  A worker ant zombie (D:11)
  9 gnolls
  15 adders
  3 shadow imps
  An ooze (D:3)
  7 adder zombies
  3 worms (D:2)
  2 dart slugs (D:1)
  4 leopard geckos
  109 orcs
  A ball python (D:1)
  7 bats
  8 giant cockroaches
  6 goblins
  14 hobgoblins
  5 jackals
  10 kobolds
  9 quokkas
  2 frilled lizards (D:3)
  7 gnoll zombies
  4 hobgoblin zombies (Ossuary)
  4 kobold zombies (Ossuary)
  A leopard gecko skeleton (D:5)
  2 orc zombies (Ossuary)
  11 rats
  A fire vortex (D:14)
1538 creatures vanquished.

Vanquished Creatures (collateral kills)
  A deep elf sorcerer (Vaults:4)
  2 vault wardens (Vaults:4)
  An iron dragon (Vaults:4)
  A stone giant (Vaults:4)
  2 entropy weavers
  2 yaktaur captains
  A great orb of eyes (Vaults:2)
  A rakshasa (Vaults:3)
  3 vault guards
  An anaconda (shapeshifter) (Vaults:4)
  A death knight (Vaults:2)
  2 deep elf knights
  A phantasmal warrior (Vaults:4)
  2 orc knights
  An orb spider (Spider:3)
  A necromancer (Vaults:2)
  A human zombie (Vaults:2)
  2 wolf spiders (Spider:3)
  A deep elf mage (Vaults:2)
  A slime creature (Swamp:3)
  A freezing wraith (Vaults:4)
  A hornet (Vaults:4)
  An ettin zombie (Vaults:2)
  A fire giant simulacrum (Vaults:2)
  2 redbacks (Spider:3)
  2 tarantellas (Spider:3)
  An orc warrior (Vaults:2)
  A boggart (Vaults:2)
  An orc (Vaults:4)
39 creatures vanquished.

Vanquished Creatures (others)
  A dream sheep (Lair:5)
  An ogre (Orc:2)
  A wyvern skeleton (D:14)
  A shadow imp (D:14)
  An orc (Vaults:2)
  A kobold (D:14)
  A briar patch (Swamp:4)
  A bush (Lair:6)
  25 fungi
  25 plants
58 creatures vanquished.

Grand Total: 1635 creatures vanquished

Notes
Turn   | Place    | Note
-------+----------+-------------------------------------------
     0 | D:1      | Inchmeat the Gargoyle Monk began the quest for the Orb.
     0 | D:1      | Reached XP level 1. HP: 14/14 MP: 1/1
   148 | D:1      | Reached XP level 2. HP: 19/19 MP: 2/2
   953 | D:1      | Reached XP level 3. HP: 21/23 MP: 3/3
  1231 | D:2      | Found a shattered altar of Ashenzari.
  1233 | D:2      | Found a shadowy altar of Dithmenos.
  1235 | D:2      | Found a blossoming altar of Fedhas.
  1517 | D:2      | Reached XP level 4. HP: 25/28 MP: 4/4
  1667 | D:2      | Found a hide-covered altar of Uskayaw.
  1785 | D:2      | Reached skill level 5 in Maces & Flails
  2093 | D:2      | Found a burning altar of Makhleb.
  2499 | D:3      | Reached XP level 5. HP: 25/32 MP: 5/5
  3132 | D:3      | Found a faded altar of an unknown god.
  3383 | D:3      | Found a basalt altar of Yredelemnul.
  3540 | D:4      | Found a sand-covered staircase.
  3545 | Ossuary  | Entered an ossuary
  3587 | Ossuary  | Reached XP level 6. HP: 18/37 MP: 6/6
  3946 | Ossuary  | Reached XP level 7. HP: 31/41 MP: 7/7
  4759 | D:4      | Found a stormy altar of Qazlal.
  5029 | D:4      | Found a staircase to the Ecumenical Temple.
  5092 | Temple   | Entered the Ecumenical Temple
  5164 | Temple   | Became a worshipper of the Shining One
  5164 | Temple   | Reached * piety under the Shining One
  5164 | Temple   | Reached ** piety under the Shining One
  5211 | D:5      | Entered Level 5 of the Dungeon
  5374 | D:5      | Found a radiant altar of Vehumet.
  5382 | D:5      | Reached XP level 8. HP: 46/46 MP: 8/8
  5400 | D:5      | Found Helinniawn's Food Shoppe.
  6081 | D:6      | Found an iron altar of Okawaru.
  6192 | D:6      | Reached skill level 10 in Maces & Flails
  6437 | D:6      | Found a sacrificial altar of Ru.
  6986 | D:7      | Noticed a spriggan baker
  6998 | D:7      | Killed a spriggan baker
  7608 | D:8      | Found a bloodstained altar of Trog.
  7696 | D:8      | Found a white marble altar of Elyvilon.
  7755 | D:7      | Reached *** piety under the Shining One
  7854 | D:7      | Reached XP level 9. HP: 50/51 MP: 9/9
  7882 | D:7      | Found a hazy altar of Hepliaklqana.
  8319 | D:8      | Gained mutation: You are partially covered in iridescent scales. (AC +2) [potion of mutation]
  8319 | D:8      | Gained mutation: Your large and strong wings let you fly indefinitely. [potion of mutation]
  8319 | D:8      | Gained mutation: You have an increased reservoir of magic. (+10% MP) [potion of mutation]
  8319 | D:8      | Gained mutation: You have a considerably increased reservoir of magic. (+20% MP) [potion of mutation]
  9474 | D:8      | Got a shimmering leather armour
  9510 | D:8      | Identified the +3 leather armour "Liopaunn" {rElec rPois} (You found it on level 8 of the Dungeon)
  9581 | D:8      | Reached XP level 10. HP: 31/56 MP: 12/12
 10056 | D:8      | Found a staircase to the Lair.
 10163 | D:8      | Reached skill level 1 in Spellcasting
 10931 | D:9      | Found an ancient bone altar of Kikubaaqudgha.
 11160 | D:9      | Found Vugifie's Antique Weapon Boutique.
 11452 | D:9      | Bought an encrusted arbalest for 180 gold pieces
 11452 | D:9      | Identified the +9 arbalest of Chance {flame, Int+3} (You bought it in a shop on level 9 of the Dungeon)
 11549 | D:9      | Noticed a two-headed ogre
 11571 | D:9      | Killed a two-headed ogre
 11571 | D:9      | Reached skill level 5 in Fighting
 12411 | D:10     | Entered Level 10 of the Dungeon
 12569 | D:10     | Learned a level 1 spell: Summon Small Mammal
 12772 | D:10     | Reached XP level 11. HP: 62/68 MP: 18/18
 12969 | D:10     | Found a staircase to the Orcish Mines.
 13092 | D:10     | Reached **** piety under the Shining One
 13506 | D:11     | Noticed a red ugly thing
 13534 | D:11     | The Shining One protects you from harm!
 13537 | D:11     | Killed a red ugly thing
 13537 | D:11     | Reached skill level 10 in Fighting
 13539 | D:11     | Found Fehy's Book Emporium.
 13582 | D:11     | Noticed an eight-headed hydra
 13678 | D:11     | Noticed a two-headed ogre
 13707 | D:11     | Found a labyrinth entrance.
 13716 | Lab      | Entered a labyrinth
 14221 | Lab      | Noticed a minotaur
 14231 | Lab      | Killed a minotaur
 15158 | Orc:1    | Entered Level 1 of the Orcish Mines
 15161 | Orc:1    | Noticed an orc sorcerer
 15172 | Orc:1    | Killed an orc sorcerer
 15552 | Orc:2    | Entered Level 2 of the Orcish Mines
 15552 | Orc:2    | Reached ***** piety under the Shining One
 15556 | Orc:2    | Noticed estick's ghost (journeyman FoFi)
 15649 | Orc:2    | Killed estick's ghost
 15662 | Orc:2    | Noticed Snorg
 15672 | Orc:2    | Noticed an orc warlord
 15728 | Orc:2    | Reached skill level 5 in Crossbows
 15742 | Orc:2    | Reached XP level 12. HP: 59/81 MP: 15/19
 15879 | Orc:2    | Killed Snorg
 16011 | Orc:2    | Noticed a soul eater
 16322 | Orc:2    | Reached skill level 1 in Invocations
 16336 | Orc:2    | Found a staircase to the Elven Halls.
 16356 | Orc:2    | Found a flickering gateway to a bazaar.
 16371 | Bazaar   | Entered a bazaar
 16371 | Bazaar   | Found Lollol's Book Emporium.
 16379 | Bazaar   | Found Giukh's Magic Scroll Shop.
 16388 | Bazaar   | Found Isuesut's Antique Weapon Shop.
 16403 | Bazaar   | Found Coneruf's Armour Shoppe.
 16422 | Bazaar   | Found Satig's General Store.
 16435 | Bazaar   | Bought a scroll of enchant weapon for 105 gold pieces
 16456 | Bazaar   | Bought a glowing lajatang for 468 gold pieces
 16469 | Bazaar   | Bought a scroll of enchant weapon for 97 gold pieces
 16469 | Bazaar   | Bought a scroll of teleportation for 39 gold pieces
 16469 | Bazaar   | Bought a scroll of blinking for 97 gold pieces
 16469 | Bazaar   | Bought a scroll of blinking for 97 gold pieces
 16684 | Orc:1    | Reached skill level 1 in Staves
 17585 | D:10     | Killed an orc warlord
 18856 | Orc:2    | Found Dison's Book Shop.
 18856 | Orc:2    | Found Pygegutoz's General Store.
 19117 | Orc:2    | Found a roughly hewn altar of Beogh.
 19125 | Orc:2    | Reached skill level 5 in Invocations
 19207 | Orc:2    | Found Egic's Book Shop.
 19207 | Orc:2    | Found Nogaps's Weapon Emporium.
 20257 | Orc:1    | Noticed Harold
 20287 | Orc:1    | Killed Harold
 20287 | Orc:1    | Reached XP level 13. HP: 57/85 MP: 17/21
 21121 | D:11     | Found Qaopos's Gadget Shoppe.
 21123 | D:11     | Reached skill level 15 in Maces & Flails
 21787 | D:12     | Noticed olmar's ghost (journeyman GrEE)
 21839 | D:12     | Killed olmar's ghost
 23202 | D:13     | Found a gate to the Vaults.
 23204 | D:13     | Noticed Urug
 23215 | D:13     | Killed Urug
 23233 | D:13     | Noticed a vault guard
 23240 | D:13     | Noticed a vault guard
 23241 | D:13     | Noticed a vault guard
 23243 | D:13     | Killed a vault guard
 23254 | D:13     | Killed a vault guard
 23263 | D:13     | Killed a vault guard
 23306 | D:13     | Noticed a vault guard
 23319 | D:13     | Killed a vault guard
 23331 | D:13     | Noticed a vault guard
 23353 | D:13     | Killed a vault guard
 23353 | D:13     | Mutation became permanent: Your large and strong wings let you fly indefinitely. [Gargoyle growth]
 23353 | D:13     | Gained mutation: Your large and strong wings let you fly indefinitely. [Gargoyle growth]
 23353 | D:13     | Reached XP level 14. HP: 56/91 MP: 16/22
 23376 | D:13     | Noticed MrWiggles77's ghost (journeyman GrFi)
 23415 | D:13     | Killed MrWiggles77's ghost
 24264 | D:14     | Noticed Nessos
 24931 | D:14     | Reached ****** piety under the Shining One
 25173 | D:14     | HP: 4/91 [eight-headed hydra (5)]
 25721 | D:13     | Killed Nessos
 26950 | D:15     | Entered Level 15 of the Dungeon
 27673 | D:15     | Got a pitted ring mail
 27698 | D:15     | Identified the cursed +1 ring mail of Gaexkush {rElec rPois Slay+5} (You found it on level 15 of the Dungeon)
 27736 | D:15     | Reached XP level 15. HP: 90/96 MP: 21/23
 27787 | D:15     | Noticed Louise
 27803 | D:15     | Killed Louise
 28196 | D:15     | Found a burning altar of Makhleb.
 28263 | D:15     | Found Eraj's Book Boutique.
 28467 | D:15     | Bought a book of Geomancy for 490 gold pieces
 28588 | D:15     | Found a staircase to the Depths.
 28849 | Lair:1   | Entered Level 1 of the Lair of Beasts
 30147 | Lair:2   | Found a hole to the Spider Nest.
 30653 | Lair:3   | Found the +8 whip "Snakebite" {curare, rPois}
 31357 | Lair:4   | Found a staircase to the Swamp.
 31559 | Lair:4   | Found a frozen archway.
 31569 | Lair:4   | Reached skill level 10 in Invocations
 31577 | IceCv    | Entered an ice cave
 31912 | IceCv    | Noticed a frost giant
 31964 | IceCv    | Killed a frost giant
 33239 | Lair:5   | Found a staircase to the Slime Pits.
 33422 | Lair:5   | Noticed Nornya's ghost (journeyman MiFi)
 33438 | Lair:5   | Killed Nornya's ghost
 33573 | Lair:5   | Noticed estick's ghost (journeyman FoFi)
 33585 | Lair:5   | Killed estick's ghost
 33585 | Lair:5   | Reached XP level 16. HP: 75/101 MP: 22/30
 33981 | Lair:6   | Entered Level 6 of the Lair of Beasts
 35292 | Lair:6   | Got a faintly glowing whip
 35293 | Lair:6   | Identified the +4 whip of Watchfulness {slash, Str+9 Int+2} (You found it on level 6 of the Lair of Beasts)
 35295 | Lair:6   | Got a fine platinum ring
 35296 | Lair:6   | Identified the ring "Xamyep" {MR+ Int-2 Dex+4 SInv} (You found it on level 6 of the Lair of Beasts)
 36838 | Swamp:1  | Entered Level 1 of the Swamp
 36841 | Swamp:1  | Reached skill level 1 in Armour
 37241 | Swamp:1  | Reached skill level 5 in Armour
 37293 | Swamp:1  | Got a transparent long sword
 37294 | Swamp:1  | Identified the cursed +2 long sword "Orb Guardian's Foe" {slice, *Rage rC+ Str+5 Stlth+} (You found it on level 1 of the Swamp)
 38127 | Swamp:3  | Reached XP level 17. HP: 52/108 MP: 18/33
 38624 | Swamp:3  | Found a runed door.
 39594 | Swamp:3  | Paralysed by you for 7 turns
 39615 | Swamp:3  | Reached skill level 10 in Armour
 39620 | Swamp:3  | Got a fine quarterstaff {drain}
 39621 | Swamp:3  | Identified the +5 quarterstaff of the Realm of Zot {drain, +Rage Dex+2} (You took it off a spriggan druid on level 3 of the Swamp)
 39715 | Swamp:4  | Entered Level 4 of the Swamp
 39817 | Swamp:4  | Noticed RapturedWeasel's ghost (journeyman BaAM)
 39818 | Swamp:4  | Noticed fearitself's ghost (adept GnAE)
 39850 | Swamp:4  | Killed RapturedWeasel's ghost
 39865 | Swamp:4  | Killed fearitself's ghost
 41253 | Swamp:4  | Noticed the 27-headed Lernaean hydra
 41966 | Swamp:4  | Killed the 27-headed Lernaean hydra
 42007 | Swamp:4  | Got a decaying rune of Zot
 43007 | Swamp:2  | Reached XP level 18. HP: 108/112 MP: 35/35
 43511 | Spider:1 | Entered Level 1 of the Spider Nest
 44294 | Spider:1 | Reached skill level 15 in Armour
 45361 | Spider:2 | Noticed Azrael
 45390 | Spider:2 | Killed Azrael
 45969 | Spider:2 | Noticed Arachne
 45981 | Spider:2 | Killed Arachne
 46673 | Spider:3 | Noticed Asterion
 46688 | Spider:4 | Entered Level 4 of the Spider Nest
 46760 | Spider:4 | The Shining One protects you from harm!
 47478 | Spider:3 | Killed Asterion
 47852 | Spider:3 | Reached skill level 15 in Fighting
 48152 | Spider:3 | Noticed Agnes
 48166 | Spider:3 | Killed Agnes
 48912 | Spider:4 | Reached XP level 19. HP: 85/125 MP: 3/36
 49400 | Spider:4 | The Shining One protects you from harm!
 50168 | Spider:4 | Got a gossamer rune of Zot
 50638 | Vaults:1 | Entered Level 1 of the Vaults
 51889 | Vaults:1 | Noticed Aizul
 51898 | Vaults:1 | Killed Aizul
 54140 | Vaults:2 | Paralysed by a great orb of eyes for 3 turns
 54639 | Vaults:2 | Reached XP level 20. HP: 130/139 MP: 33/37
 54981 | Vaults:2 | Noticed Nikola
 54987 | Vaults:2 | Killed Nikola
 55159 | Vaults:2 | Found a staircase to the Crypt.
 55279 | Vaults:2 | Noticed terra52's ghost (adept GnSk)
 55299 | Vaults:2 | Killed terra52's ghost
 56416 | Vaults:3 | Noticed Saint Roka
 56436 | Vaults:3 | Killed Saint Roka
 57587 | Vaults:3 | Noticed Jorgrun
 57596 | Vaults:3 | Killed Jorgrun
 57956 | Vaults:3 | Reached XP level 21. HP: 132/146 MP: 33/38
 58614 | Vaults:4 | HP: 7/146 [something] (3)]
 58630 | Vaults:4 | HP: 4/146 [frost giant/bolt of cold (8)]
 60749 | Vaults:4 | Noticed a golden dragon
 60762 | Vaults:4 | Killed a golden dragon
 60764 | Vaults:4 | Reached skill level 10 in Crossbows
 60774 | Vaults:4 | Got an encrusted battleaxe {speed}
 60775 | Vaults:4 | Identified the +3 battleaxe of Perfectionism {speed, rElec rF+ rC- MR+++} (You took it off a deep elf sorcerer on level 4 of the Vaults)
 61240 | Vaults:4 | Found the +6 Majin-Bo {vamp, Archmagi MP+6 Int+6}
 61498 | Vaults:5 | Entered Level 5 of the Vaults
 62275 | Vaults:3 | Reached XP level 22. HP: 152/152 MP: 39/39
 62353 | Vaults:4 | Learned a level 2 spell: Passwall
 62734 | Vaults:3 | Paralysed by a wizard for 5 turns
 63486 | Vaults:5 | HP: 7/152 [deep elf high priest/divine providence (8)]
 63491 | Vaults:5 | HP: 6/152 [titan/bolt of lightning (10)]
 63493 | Vaults:5 | Killed from afar by a titan

Skill      XL: |  1  2  3  4  5  6  7  8  9 10 11 12 13 14 15 16 17 18 19 20 21 22 |
---------------+-------------------------------------------------------------------+-----
Maces & Flails | 4 5 6 7 9 11 13 14 17 19 | 19.8
Spellcasting   | 3 |  3.0
Fighting       | 8 11 12 16 19 20 | 20.0
Crossbows      | 5 8 11 13 | 13.6
Invocations    | 6 12 14 | 14.9
Staves         | 4 |  4.7
Armour         | 7 14 15 18 20 | 20.0
Dodging        | |  2.4
Stealth        | |  2.1

Action                   |  1- 3 |  4- 6 |  7- 9 | 10-12 | 13-15 | 16-18 | 19-21 | 22-24 || total
-------------------------+-------+-------+-------+-------+-------+-------+-------+-------++-------
Melee: Mace              |   127 |   273 |   530 |   631 |       |       |       |       ||  1561
       Dire flail        |       |       |       |   170 |       |       |       |       ||   170
       Great mace        |       |       |       |   138 |  1143 |  1145 |  1335 |   124 ||  3885
       Flail             |       |       |       |     9 |       |       |       |       ||     9
       Whip              |       |       |       |       |       |    12 |       |       ||    12
       Unarmed           |       |       |       |       |       |       |    10 |       ||    10
 Fire: Arbalest          |       |       |       |    58 |       |    53 |    40 |       ||   151
Throw: Throwing net      |       |       |       |     1 |       |       |       |       ||     1
Invok: Divine Shield     |       |       |       |       |     1 |     1 |       |       ||     2
       Summon Divine War |       |       |       |       |       |     5 |    13 |       ||    18
       Cleansing Flame   |       |       |       |       |       |       |     4 |     2 ||     6
 Abil: Fly               |       |       |       |       |     1 |       |       |       ||     1
Evoke: Wand              |       |       |       |    17 |     3 |    20 |       |       ||    40
  Use: Scroll            |       |     8 |     2 |    11 |    12 |    18 |    16 |     7 ||    74
       Potion            |       |     3 |    14 |     5 |     2 |     8 |     3 |     2 ||    37
 Stab: Sleeping          |     7 |     4 |     1 |       |       |       |       |       ||    12
  Eat: Chunk             |     2 |     6 |     7 |    25 |    35 |    23 |    27 |       ||   125
       Ration            |       |     1 |     3 |     4 |     3 |     8 |     7 |       ||    26
Armor: Robe              |    36 |   112 |    67 |       |       |       |       |       ||   215
       Skin              |       |    13 |       |       |       |       |       |       ||    13
       Chain mail        |       |       |   219 |   577 |   564 |       |       |       ||  1360
       Ring mail         |       |       |       |       |   272 |   957 |       |       ||  1229
       Gold dragon scale |       |       |       |       |       |     6 |  1219 |   275 ||  1500
       Scale mail        |       |       |       |       |       |   163 |   261 |       ||   424
Dodge: Dodged            |    92 |   183 |   205 |   305 |   449 |   716 |   539 |    76 ||  2565
Block: Other             |       |    13 |    15 |       |     4 |     3 |       |       ||    35
